Cogmind - Beta 11 @@@ ROGUE MODE // 2022.03.29 @ 19:53:52 Player: Catfish Result: Destroyed by as-27347 with Assembled Rifle Performance ------------- Evolutions (0) 0 Regions Visited (2) 400 Robots Destroyed (7) 35 Value Destroyed (110) 110 Prototype IDs (0) 0 Alien Tech Used (0) 0 Bonus (0) 0 TOTAL SCORE: 545 Bonus ------- None Cogmind --------- Core Integrity 0/250 Matter 290/300 Energy 125/125 System Corruption 0% Temperature Cool (70) Movement Walking (120) Location -10/Mines Parts ------- > --- POWER (1) -------- Light Ion Engine > --- PROPULSION (2) --- Aluminum Leg > --- UTILITY (2) ------ Small Storage Unit > --- WEAPON (2) ------- Small Laser > --- INVENTORY (8) ---- Light Ion Engine Flight Unit Flight Unit Flight Unit Flight Unit EM Pulse Gun Peak State ------------ > --- POWER ------------ Ion Engine > --- PROPULSION ------- Aluminum Leg Aluminum Leg > --- UTILITY ---------- Small Storage Unit > --- WEAPON ----------- Small Laser Light Assault Rifle > --- INVENTORY -------- Ion Engine EM Pulse Gun [Rating: 6] Favorites ----------- Power Ion Engine Engine Ion Engine Propulsion Aluminum Leg Leg Aluminum Leg Utility Small Storage Unit Storage Small Storage Unit Weapon Small Laser Energy Gun Small Laser Ballistic Gun Light Assault Rifle Build | -11 -10 -10 ------- Run | Scr Mat Min Slots Evolved . | . . . Power . | . . . Propulsion . | . . . Utility . | . . . Weapon . | . . . Parts Attached 10 | 6 2 2 Power 2 | 1 1 . Engine 2 | 1 1 . Core . | . . . Reactor . | . . . Propulsion 4 | 2 . 2 Treads . | . . . Leg 4 | 2 . 2 Wheel . | . . . Hover . | . . . Flight . | . . . Utility 1 | 1 . . Device . | . . . Storage 1 | 1 . . Processor . | . . . Hackware . | . . . Protection . | . . . Artifact . | . . . Weapon 3 | 2 1 . Energy Gun 2 | 1 1 . Energy Cannon . | . . . Ballistic Gun 1 | 1 . . Ballistic Cannon . | . . . Launcher . | . . . Special Weapon . | . . . Impact Weapon . | . . . Slashing Weapon . | . . . Piercing Weapon . | . . . Special Melee Weapon . | . . . Unidentified Prototypes . | . . . Parts Lost 4 | . . 4 Power . | . . . Propulsion 3 | . . 3 Utility . | . . . Weapon 1 | . . 1 Highest Loss Streak 4 | . . 4 To Critical Strikes . | . . . Average Slot Usage (%) 85 | . 85 85 Engine 14 | . 14 14 Leg 28 | . 28 28 Storage 14 | . 14 14 Energy Gun 23 | . 21 28 Ballistic Gun 4 | . 6 . Naked Turns . | . . . Heaviest Build 12 | 12 12 10 Greatest Support 20 | 3 20 20 Greatest Overweight (x) 3 | 3 . . Average Overweight (x) . | 2 . . Largest Inventory Capacity 8 | 8 8 8 Average Capacity 7 | 7 8 8 Most Carried 8 | 3 8 8 Average Carried 5 | 1 5 7 Final Capacity 8 | 8 8 8 Final Carried 8 | 2 8 6 Class Distribution -------------------- 100% | Mutant Dominant Class ---------------- Mutant | -10/Materials Mutant | -10/Mines Resources | -11 -10 -10 ----------- Run | Scr Mat Min Matter Collected 294 | 231 63 . Remotely . | . . . Salvage Created 260 | . 260 . Parts 13 | . 13 . Haulers Intercepted 1 | . 1 . Recyclers Shooed 1 | . 1 . Parts Field Recycled . | . . . Retrieved Matter . | . . . Parts Self-Destructed . | . . . Prevented . | . . . Kills | -11 -10 -10 ------- Run | Scr Mat Min Combat Hostiles Destroyed 4 | . 4 . Guns 4 | . 4 . Classes Destroyed 5 | . 5 . Worker 1 | . 1 . Hauler 1 | . 1 . Recycler 1 | . 1 . Swarmer 2 | . 2 . Grunt 2 | . 2 . Best Kill Streak 4 | . 4 . Combat Bots Only 4 | . 4 . Max Kills in Single Turn 1 | . 1 . Gunslinging . | . . . Exploded . | . . . Melee . | . . . Uniques/NPCs Destroyed . | . . . Combat | -11 -10 -10 -------- Run | Scr Mat Min Damage Taken 725 | . 256 469 Core 259 | . 20 239 Absorbed by Shields . | . . . Core Remaining (%) 100 | 100 . . Volleys Fired 32 | . 27 5 Largest 2 | . 2 2 Hottest 80 | . 80 80 Shots Fired 64 | . 54 10 Gun 64 | . 54 10 Cannon . | . . . Launcher . | . . . Special . | . . . Kinetic 14 | . 14 . Thermal 50 | . 40 10 Explosive . | . . . Electromagnetic . | . . . Robot Hit Streak 8 | . 8 1 Robot Miss Streak 4 | . 4 4 Penetration Max . | . . . Secondary Targets . | . . . Shots Hit Robots 37 | . 34 3 Core Hits 16 | . 14 2 Critical Kills . | . . . Critical Parts Destroyed . | . . . Critical Strikes . | . . . Melee Attacks . | . . . Impact . | . . . Slashing . | . . . Piercing . | . . . Sneak Attacks . | . . . Combat Hostiles . | . . . Follow-up Attacks . | . . . Damage Inflicted 377 | . 345 32 Guns 377 | . 345 32 Cannons . | . . . Explosions . | . . . Melee . | . . . Ramming . | . . . Kinetic 63 | . 63 . Thermal 314 | . 282 32 Explosive . | . . . Electromagnetic . | . . . Impact . | . . . Slashing . | . . . Piercing . | . . . Highest Corruption . | . . . Average Corruption . | . . . Corruption Purged . | . . . Corruption Blocked . | . . . Overload Shots . | . . . Overflow Damage . | . . . Projectiles . | . . . Explosions . | . . . Melee . | . . . Knockbacks . | . . . Impact . | . . . Kinetic . | . . . Secondary . | . . . Self-Inflicted Damage . | . . . Shots . | . . . Rammed . | . . . Targets Rammed . | . . . Kicked . | . . . Crushed . | . . . Highest Temperature 123 | . 123 70 Average Temperature 47 | . 49 37 Received Heat Transfer 89 | . 69 20 Siege Activations . | . . . Robots Corrupted . | . . . Combat Hostiles . | . . . Parts Fried . | . . . Impact Corruptions . | . . . Robots Melted . | . . . Combat Hostiles . | . . . Parts Melted . | . . . Heat Transferred 725 | . 650 75 Parts Sabotaged . | . . . Parts Stolen . | . . . Parts Stripped . | . . . Power Chain Reactions . | . . . Missiles Intercepted . | . . . Alert | -11 -10 -10 ------- Run | Scr Mat Min Peak Influence 152 | . 152 88 Initial 58 | . . 58 Average 73 | . 99 60 Maximum Alert Level . | . . . Low Security (%) 100 | 100 100 100 Level 1 . | . . . Level 2 . | . . . Level 3 . | . . . Level 4 . | . . . Level 5 . | . . . High Security . | . . . Max Security . | . . . Squads Dispatched 1 | . 1 . Investigation . | . . . Extermination . | . . . Reinforcement 1 | . 1 . Assault . | . . . Garrison . | . . . Intercept . | . . . Searches Triggered . | . . . Construction Impeded . | . . . Haulers Reinforced . | . . . Active Scanning Responses . | . . . Cargo Convoy Interrupts . | . . . Stealth | -11 -10 -10 --------- Run | Scr Mat Min Distress Signals 1 | . 1 . Communications Jammed . | . . . Distress Signals . | . . . Times Spotted 34 | . 13 21 Peak Tracking Total 13 | . 6 13 Tactical Retreats . | . . . Traps | -11 -10 -10 ------- Run | Scr Mat Min Traps Triggered 1 | . 1 . Indirectly . | . . . Trap Hack Attempts . | . . . Triggered . | . . . Disarmed . | . . . Reprogrammed . | . . . Reused . | . . . Traps Extracted . | . . . Installed . | . . . Triggered . | . . . Machines | -11 -10 -10 ---------- Run | Scr Mat Min Machines Disabled . | . . . Max in Single Turn . | . . . Machines Sabotaged . | . . . Garrisons Compromised . | . . . Overloaded Fab Kills . | . . . Hacking | -11 -10 -10 --------- Run | Scr Mat Min Machines Accessed 4 | . 4 . Terminals 3 | . 3 . Fabricators . | . . . Repair Stations . | . . . Recycling Units 1 | . 1 . Scanalyzers . | . . . Garrison Access . | . . . Total Hacks 11 | . 11 . Successful 4 | . 4 . Failed 7 | . 7 . Catastrophic 3 | . 3 . Database Lockouts . | . . . Manual 7 | . 7 . Terminals 7 | . 7 . Fabricators . | . . . Repair Stations . | . . . Recycling Units 4 | . 4 . Scanalyzers . | . . . Garrison Access . | . . . Terminal Hacks . | . . . Fabricator Hacks . | . . . Repair Station Hacks . | . . . Recycling Unit Hacks 2 | . 2 . Process 1 | . 1 . Retrieve Components 1 | . 1 . Scanalyzer . | . . . Garrison Access Hacks . | . . . Unauthorized Hacks 2 | . 2 . Terminals 2 | . 2 . Botnet 2 | . 2 . Fabricators . | . . . Repair Stations . | . . . Recycling Units . | . . . Scanalyzers . | . . . Garrison Access . | . . . Data Cores Recovered . | . . . Used . | . . . Hacking Detections 4 | . 4 . Full Trace Events 2 | . 2 . Feedback Events . | . . . Feedback Blocked . | . . . Robot Schematics Acquired . | . . . Robots Built . | . . . Authchips . | . . . Time . | . . . Total Robot Build Rating . | . . . Part Schematics Acquired . | . . . Parts Built . | . . . Authchips . | . . . Time . | . . . Total Part Build Rating . | . . . Parts Repaired . | . . . Time . | . . . Parts Recycled . | . . . Recycled Matter 34 | . 34 . Retrieved Matter . | . . . Retrieved Components . | . . . Parts Scanalyzed . | . . . Part Schematics Acquired . | . . . Parts Damaged . | . . . Bothacking | -11 -10 -10 ------------ Run | Scr Mat Min Used RIF Installer . | . . . Robots Hacked . | . . . Non-combat . | . . . Combat . | . . . Robot Hacks Applied . | . . . Relay Couplers Released . | . . . Fabnet Peak Effective % . | . . . Robots Rewired . | . . . Allies Hacked . | . . . Hacks Repelled . | . . . Allies | -11 -10 -10 -------- Run | Scr Mat Min Total Allies . | . . . Largest Group . | . . . Highest-Rated Group . | . . . Highest-Rated Ally . | . . . Total Orders . | . . . Ally Attacks . | . . . Total Damage . | . . . Kills . | . . . Allies Corrupted . | . . . Allies Melted . | . . . Intel | -11 -10 -10 ------- Run | Scr Mat Min Robot Analysis Total . | . . . Derelict Logs Recovered . | . . . Drone Launches . | . . . Drone Recoveries . | . . . Exploration | -11 -10 -10 ------------- Run | Scr Mat Min Turns Passed 398 | 80 254 64 Spaces Moved 214 | 42 133 39 Core 42 | 42 . . Treads . | . . . Legs 172 | . 133 39 Wheels . | . . . Hover . | . . . Flight . | . . . Fastest Speed 50 | 50 120 120 Average Speed 129 | 166 120 120 Slowest Speed 200 | 200 120 120 Overloaded Moves . | . . . Propulsion Burnouts . | . . . Robots Hopped . | . . . Cave-ins Triggered . | . . . Exploration Rate (%) 20 | 5 29 28 Regions Visited 2 Branch Regions 1 Pre-discovered Areas . | . . . Known Exits Taken . | . . . Unknown Exits Taken 2 | 1 1 . Scrap Searched . | . . . Spaces Dug . | . . . Terrain Destroyed . | . . . Melee . | . . . Projectile . | . . . AOE . | . . . Terrain Rammed . | . . . Walls Destroyed . | . . . Machines Disabled . | . . . Actions | -11 -10 -10 --------- Run | Scr Mat Min Total 272 | 50 176 46 Wait 4 | . 4 . Move 212 | 41 132 39 Hop . | . . . Pick Up 11 | 3 8 . Fast Attach 6 | 5 1 . Attach 3 | 1 . 2 Detach . | . . . Swap 1 | . 1 . Drop 3 | . 3 . Fire 32 | . 27 5 Melee . | . . . Ram . | . . . Kick . | . . . Crush . | . . . Escape Stasis . | . . . Rewire . | . . . Trap . | . . . Miscellaneous . | . . . Route ------- -11/Scrapyard -10/Materials -10/Mines History --------- Turn | Location | Event 24 | -11/Scrapyard | Discovered new exit (range 15) 81 | -11/Scrapyard | Entered Materials 233 | -10/Materials | Discovered new exit (range 9) 304 | -10/Materials | Build established: Mutant 335 | -10/Materials | Entered Mines 371 | -10/Mines | Assembled infested the area 391 | -10/Mines | Core integrity fell below 50% 397 | -10/Mines | Core integrity fell below 20% 399 | -10/Mines | Destroyed by as-27347 with Assembled Rifle Last Messages --------------- 00385_ Aluminum Leg destroyed. 00386_ as-65527 destroyed. 00386_ as-37973 destroyed. 00386_ as-03187 destroyed. 00386_ as-62628 destroyed. 00386_ as-78284 destroyed. 00386_ as-36581 destroyed. 00386_ as-62052 destroyed. 00386_ as-09580 destroyed. 00386_ as-33067 destroyed. 00388_ as-37272 destroyed. 00389_ The unstable cave ceiling collapses. 00390_ as-60958 destroyed. 00390_ D-53 Grenadier destroyed. 00390_ as-69085 destroyed. 00391_ The unstable cave ceiling collapses. 00391_ Cmb. Airjet crushed. 00395_ The unstable cave ceiling collapses. 00396_ Aluminum Leg destroyed. 00398_ Sml. Laser destroyed. Map ----- +----------------------------------------------------+ | ?????????????????????????????????????????????? ??? | | ?????????????????????????????????????????????? ??? | | ?????????????????????????????????????????????? ??? | | ?????????????????????????????????????????????? ??? | | ?????????????????????????????????????????????? ??? | | ?????????????????????????????????????????????# #?? | | ?????????????????????????????????????????????# #?? | | ?????????????????????????????????????????????# #?? | | ?????????????????????????????????????????????# #?? | | ?????????????????????????????????????????????# ### | | ??????????????????????????????????????###????# | | ?????????????????????????????????????## ##???# """ | | ???????????????????? ???????????????# ##### """ | | ???????????????????? ??????????????## """ | | ????????????????????# ##???????????## #### | | ??????????????????### ##?????????# #??# | | ??????????????????# * #???????## ##??# | | ??????????????###?# #%! ######## ###???# | | ?????????????## # %d # ##?????# | | ????????????## # ## ##???##?# """ | | ????????????# # ###### ### #?# """ | | ????????????# #????# #??# """ | | ???????????## < a ##???# ## #??# | | ???????????# #???# #?? #??##### | | ??????????# #???# #??? ??????? | | ????????????????# @ #???# #???? ?????? | | ????????????????# # ###?# #????? ????? | | ??????????????????## #?# #??????? ??? | | ??????????????????# #?# #???????? ?? | | ??????????????# ## ### #???????????? | | ?????????????# ### ## #???????????? | | ?????????????# """ ##?# #???????????? | | ????????????# """ #?# # #???????????? | | ????????????????""" ?# #???????????? | | ???????????????? ?## #???????????? | | ??????????????? ### #??# ####???????????? | | ??????????????# #??# ??## #??????????????? | | ??????????????# #???###???## ??????????????? | | ?????????????? #???????????# ??????????????? | | ?????????????? #???????????? #?????????????? | | ???????????????? ????????????? ?????????????? | | ??????????????????????????????? ?????????????? | | ???????????????????????????????# #????????????? | | ???????????????????????????????# ????????????? | | ????????????????????????????????# ????????????? | | ?????????????????????????????????# #????????????? | | ??????????????????????????????????#??????????????? | | ?????????????????????????????????????????????????? | | | | | +----------------------------------------------------+ Best States ------------- Heat Dissipation 25 Energy Generation 10 Energy Capacity 250 Matter Stores 300 Matter Capacity 300 Sight Range 16 Terrain Scan Density 10 Evasion (%) 55 Item Schematics ----------------- None Robot Schematics ------------------ None Fabricated ------------ Nothing Alien Tech Used ----------------- None Achievements -------------- None Challenges ------------ None Game ------ Seed SystemPotentialCharger Manual? 0 Play Time 00:07:27 Cumulative 0.8 hours Start 2022.03.29 @ 19:37:12 End 2022.03.29 @ 19:53:52 Sessions 1 Manual Loads 0 Difficulty Rogue Special Mode None Game No. 8 Rogue 8 Adventurer 0 Explorer 0 Win Type - Total 0 Types 0/0/0/0/0/0/0/0/0 Lore% 0 Gallery% 4 Achievement% 8 Wizard Run 0 Options --------- ASCII 0 Keyboard 0 Movement Numpad Keybinds 0 Fullscreen 2 Font 18/X11Bold Map View 76x50 Tactical HUD 1 Map Filters NONE Filters NONE Steam 1 RUN: 3e773313-ddd7-4470-9a6f-53d73bc20f8d